 Dungeon Crawl Stone Soup version 0.24-a0-618-ge4662a2 (webtiles) character file.

Game seed: 2933189825234718048, levelgen mode: deterministic

6971 BoppinsLewinski the Archer (level 10, -1/84 HPs)
             Began as a Centaur Fighter on Sept 16, 2019.
             Was a Priest of Okawaru.
             Succumbed to a black mamba's poison
             ... on level 8 of the Dungeon.
             The game lasted 00:40:42 (12677 turns).

BoppinsLewinski the Archer (Centaur Fighter)       Turns: 12677, Time: 00:40:42

Health: -1/84      AC: 17    Str: 20    XL:     10   Next: 81%
Magic:  12/12      EV:  5    Int:  9    God:    Okawaru [***...]
Gold:   624        SH:  0    Dex: 11    Spells: 9/9 levels left

rFire    + . .     SeeInvis .   B - +0 battleaxe
rCold    . . .     Gourm    .   (shield currently unavailable)
rNeg     + . .     Faith    .   z - +1 plate armour {MR+}
rPois    .         Spirit   .   a - +0 helmet
rElec    .         Reflect  .   n - +1 cloak
rCorr    .         Harm     .   g - +1 pair of gloves
MR       ++...                  (no barding)
Stlth    ..........             (no amulet)
HPRegen  0.24/turn              b - ring of protection from fire
MPRegen  0.13/turn              e - ring of positive energy

@: lethally poisoned (-1 -> -12), very quick
A: large, hooves 3, clever 1, deformed body, speed 2, magic resistance 1,
inhibited regeneration, tough skin 3, no potion heal 1
a: Heroism, Renounce Religion


You were on level 8 of the Dungeon.
You worshipped Okawaru.
Okawaru was most pleased with you.
You were very hungry.

You visited 3 branches of the dungeon, and saw 11 of its levels.

You collected 624 gold pieces.

Inventory:

Hand Weapons
 A - a +3 war axe
 B - a +0 battleaxe (weapon)
 F - a +0 shortbow
Missiles
 G - 53 arrows
Armour
 a - a +0 helmet (worn)
 g - a +1 pair of gloves (worn)
 n - a +1 cloak (worn)
 z - a +1 plate armour of magic resistance (worn)
 E - a +2 shield
Jewellery
 b - a ring of protection from fire (left hand)
 e - a ring of positive energy (right hand)
 k - an uncursed amulet of regeneration {unknown}
Wands
 d - a wand of polymorph (6)
 y - a wand of digging (5)
Scrolls
 c - 2 scrolls of fear {unknown}
 i - 2 scrolls of remove curse
 j - 2 scrolls of enchant armour {unknown}
 l - 5 scrolls of teleportation
 o - 3 scrolls of amnesia
 r - a scroll of magic mapping {unknown}
 s - 3 scrolls of identify {unknown}
 t - a scroll of immolation {unknown}
 w - 2 scrolls of fog {unknown}
 x - a scroll of enchant weapon {unknown}
Potions
 h - 2 potions of might
 m - a potion of magic
 q - a potion of lignification
 v - a potion of flight
Comestibles
 f - 25 rations


   Skills:
 + Level 6.9 Fighting
 - Level 6.8 Axes
 + Level 11.2 Bows
 + Level 5.2 Armour
 + Level 4.7 Dodging
 - Level 2.1 Shields
 + Level 3.9 Invocations
 + Level 3.3 Evocations


You had 9 spell levels left.
You didn't know any spells.
Your spell library contained the following spells:

 Spells                   Type           Power        Failure   Level  Hunger
 Beastly Appendage        Tmut           #.....       100%        1    ##.....
 Corona                   Hex            #......      100%        1    ##.....
 Ensorcelled Hibernation  Hex/Ice        #.....       100%        2    ###....
 Sticks to Snakes         Tmut           #.......     100%        2    ###....
 Confuse                  Hex            #.......     100%        3    ####...
 Dazzling Spray           Conj/Hex       #.....       100%        3    ####...
 Spider Form              Tmut/Pois      #.........   100%        3    ####...
 Tukima's Dance           Hex            #.......     100%        3    ####...
 Ice Form                 Ice/Tmut       #.......     100%        4    #####..
 Blade Hands              Tmut           #.........   100%        5    ######.


Dungeon Overview and Level Annotations

Branches:
Dungeon (9/15)             Temple (1/1) D:7            Lair (1/6) D:8
    Orc: D:9-12

Altars:
Ashenzari
Cheibriados
Dithmenos
Elyvilon
Fedhas
Gozag
Hepliaklqana
Kikubaaqudgha
Makhleb
Nemelex Xobeh
Okawaru
Qazlal
Ru
Sif Muna
Trog
Uskayaw
Vehumet
Wu Jian
Xom
Yredelemnul
Zin
The Shining One

Shops:
D:4 (   D:5 !   D:6 (   D:8 *

Annotations:
D:4 exclusion: statue
D:6 exclusion: downstairs


Innate Abilities, Weirdness & Mutations

You have hooves in place of feet.
Armour fits poorly on your strangely shaped body.
You cover ground very quickly.
You have extremely tough skin. (AC +3)
Your mind is acute. (Int +2)
You are resistant to hostile enchantments. (MR+)
You do not regenerate when monsters are visible.
Potions are less effective at restoring your health.


Message History

Tha black mamba poisons ye!
Unknown command.
Yer surroundin's sudd'nly seem different.
* * * LOW HITPOINT WARNIN'
* * * Ye feel sick.
* * * LOW HITPOINT WARNIN'
* * * Ye feel sick.
* * * LOW HITPOINT WARNIN'
* * * Ye feel sick.
* * * LOW HITPOINT WARNIN'
* * * Ye feel sick.
* * * LOW HITPOINT WARNIN'
* * * Ye feel sick.
* * * LOW HITPOINT WARNIN'
* * * Ye feel sick.
* * * LOW HITPOINT WARNIN'
* * * Ye feel sick.
* * * LOW HITPOINT WARNIN'
* * * Ye feel sick.
Ye die...

##..#.........# #..# #)# #.#
##.....######.## #..# #.# #†#
#.....#.#####.#####..# #†# #.#
.......#.............###.## #.#
#.....#.#####.###.##.##.#.#####.#
.....#.## #..........###..†...#
###.#.## ###..P.P.##.#.#######
##### ##.._..###.## #@P.P.# ###
#.....# #######


There were no monsters in sight!

Vanquished Creatures
  Erica (D:8)
  A deep elf mage (D:7)
  An ugly thing (D:6)
  A hippogriff (Lair:1)
  A spriggan (D:7)
  A wyvern (Lair:1)
  2 vampire mosquitoes (D:7)
  3 water moccasins (Lair:1)
  2 porcupines (D:8)
  An acid dragon (D:7)
  2 sky beasts
  3 orc warriors
  3 black bears (D:8)
  5 phantoms
  3 ogres
  2 centaurs
  A big kobold (D:7)
  3 bullfrogs
  2 scorpions
  8 wights
  An electric eel (D:8)
  6 crimson imps
  A howler monkey (D:7)
  6 hounds
  A bullfrog zombie (D:6)
  3 orc priests
  5 jellies
  5 orc wizards
  A bullfrog skeleton (D:4)
  2 centaur skeletons (D:7)
  Terence (D:3)
  4 iguanas
  14 worker ants
  A killer bee zombie (D:7)
  2 hound zombies (D:6)
  Robin (D:3)
  A howler monkey zombie (D:6)
  A worker ant zombie (D:8)
  5 gnolls
  A howler monkey skeleton (D:4)
  14 adders
  2 shadow imps
  2 adder zombies (D:7)
  5 adder skeletons
  2 dart slugs
  8 leopard geckos
  31 orcs
  2 ball pythons
  2 giant cockroaches
  15 goblins
  14 hobgoblins
  4 jackals (D:4)
  2 quokkas (D:4)
  8 bats
  3 frilled lizards
  A giant cockroach zombie (D:6)
  8 kobolds
  A leopard gecko skeleton (D:5)
  19 rats
251 creatures vanquished.

Vanquished Creatures (others)
  A plant (D:8)
1 creature vanquished.

Grand Total: 252 creatures vanquished

Notes
Turn   | Place    | Note
-------+----------+-------------------------------------------
     0 | D:1      | BoppinsLewinski the Centaur Fighter began the quest for the
                  | Orb.
     0 | D:1      | Reached XP level 1. HP: 19/19 MP: 1/1
   141 | D:1      | Reached XP level 2. HP: 15/26 MP: 2/2
   857 | D:1      | Reached XP level 3. HP: 21/31 MP: 3/3
  1796 | D:2      | Reached skill level 1 in Dodging
  1846 | D:2      | Reached XP level 4. HP: 31/38 MP: 4/4
  1978 | D:3      | Noticed Robin
  2157 | D:3      | Killed Robin
  2210 | D:3      | Noticed Terence
  2221 | D:3      | Killed Terence
  2221 | D:3      | Reached XP level 5. HP: 45/45 MP: 5/5
  2628 | D:3      | Found a blossoming altar of Fedhas.
  2961 | D:4      | Reached XP level 6. HP: 41/52 MP: 6/6
  3258 | D:4      | Found Xeelyuk's Antique Weapon Shop.
  3576 | D:4      | Reached XP level 7. HP: 32/60 MP: 7/7
  3744 | D:4      | Found a shattered altar of Ashenzari.
  3866 | D:4      | Found a radiant altar of Vehumet.
  3936 | D:4      | Found a sparkling altar of Nemelex Xobeh.
  4181 | D:5      | Entered Level 5 of the Dungeon
  4222 | D:5      | Reached skill level 5 in Axes
  4498 | D:5      | Found Ulust's Distillery.
  4763 | D:5      | Found a shimmering blue altar of Sif Muna.
  4794 | D:5      | Reached skill level 5 in Fighting
  4963 | D:5      | Reached XP level 8. HP: 63/68 MP: 8/8
  5399 | D:6      | Found a radiant altar of Vehumet.
  5902 | D:6      | Found a shimmering altar of Xom.
  5985 | D:6      | Found a stormy altar of Qazlal.
  6020 | D:6      | Found Joimown's Antique Weapon Shoppe.
  6426 | D:7      | Reached skill level 1 in Bows
  6450 | D:7      | Reached skill level 2 in Bows
  6550 | D:7      | Reached skill level 3 in Bows
  6576 | D:7      | Reached skill level 4 in Bows
  6576 | D:7      | Reached XP level 9. HP: 52/75 MP: 9/9
  6598 | D:7      | Reached skill level 5 in Bows
  6883 | D:7      | Gained mutation: You do not regenerate when monsters are
                  | visible. [potion of mutation]
  6883 | D:7      | Gained mutation: Potions are less effective at restoring
                  | your health. [potion of mutation]
  6883 | D:7      | Gained mutation: You are resistant to hostile enchantments.
                  | (MR+) [potion of mutation]
  6883 | D:7      | Gained mutation: Your mind is acute. (Int +2) [potion of
                  | mutation]
  6895 | D:7      | Reached skill level 6 in Bows
  7143 | D:7      | Found a snail-covered altar of Cheibriados.
  7143 | D:7      | Found a basalt altar of Yredelemnul.
  7164 | D:7      | Found a glowing silver altar of Zin.
  7199 | D:7      | Found a staircase to the Ecumenical Temple.
  7210 | Temple   | Entered the Ecumenical Temple
  7299 | Temple   | Became a worshipper of Warmaster Okawaru
  7329 | D:7      | Reached skill level 7 in Bows
  7438 | D:7      | Reached skill level 8 in Bows
  7933 | D:7      | Reached skill level 9 in Bows
  8003 | D:7      | Noticed a deep elf mage
  8003 | D:7      | Noticed a green ugly thing
  8407 | D:7      | Reached skill level 10 in Bows
  8812 | D:7      | Reached * piety under Okawaru
  9091 | D:6      | Killed a red ugly thing
  9091 | D:6      | Reached skill level 1 in Invocations
  9091 | D:6      | Reached skill level 1 in Evocations
  9222 | D:7      | Identified the +7 morningstar "Goomu" {crush, rC+ rN++
                  | Dex+3}
  9276 | D:7      | Killed a deep elf mage
  9276 | D:7      | Reached ** piety under Okawaru
  9276 | D:7      | Reached XP level 10. HP: 22/83 MP: 9/11
 10591 | D:8      | Found a shattered altar of Ashenzari.
 10609 | D:8      | Found Vipiann's Assorted Antiques.
 10687 | D:8      | Found a sacrificial altar of Ru.
 11526 | D:8      | Found a staircase to the Lair.
 11653 | D:8      | Found a bloodstained altar of Trog.
 11654 | D:8      | Noticed Erica
 11670 | D:8      | Reached skill level 5 in Armour
 11675 | D:8      | Killed Erica
 11675 | D:8      | Reached *** piety under Okawaru
 11675 | D:8      | Reached skill level 11 in Bows
 12078 | Lair:1   | Entered Level 1 of the Lair of Beasts
 12266 | Lair:1   | Received a gift from Okawaru
 12613 | Lair:1   | Noticed a spiny frog
 12637 | Lair:1   | Noticed a five-headed hydra
 12644 | Lair:1   | Noticed a black mamba
 12673 | D:8      | HP: 4/84 [poisoned by a black mamba]
 12676 | D:8      | HP: 1/84 [poisoned by a black mamba]
 12677 | D:8      | Succumbed to a black mamba's poison

Levels and vault maps discovered:
D:1:      dpeg_arrival_prison, layout_basic, columned_hall_lemuel
D:2:      layout_rooms
D:3:      layout_basic, fedhas_altar_1, uniq_robin, uniq_terence
D:4:      layout_basic, nicolae_ashenzari_panopticon, lemuel_doored_altar,
          vehumet_statue, first_ration, serial_shops, shop_statue
D:5:      layout_rooms, lemuel_blue_sif_altar, serial_shops, shop, zaba_anthole,
          chequers_decorated_corner
D:6:      layout_cave_pools, nicolae_overflow_crystal_walls,
          nicolae_qazlal_eye_of_the_storm, basic_altar, serial_shops,
          nicolae_shop_crystal
D:7:      minmay_the_grid_plus [minmay_the_grid_small_cups,
          minmay_the_grid_doors, minmay_the_grid_minigrid_small,
          minmay_the_grid_paths, minmay_the_grid_prize_four_corners],
          layout_basic, gammafunk_temple_overflow_elements,
          kennysheep_mini_moat, minmay_temple_entry_overgrown, the_bakery
D:8:      layout_loops_ring, nicolae_overflow_hidden_temple,
          trog_ov_bears_minmay, grunt_lair_entry_orc_guard_hut, basic_altar,
          serial_shops, shop, kennysheep_small_spiral, minmay_misc_feat_encased,
          uniq_erica
D:9:      minmay_octagon_keep, layout_irregular_city,
          ebering_dispersal_statue_hall
Temple:   eino_temple_lava
Lair:1:   layout_roguey, ebering_ghost_xom, grunt_megastairs_3,
          lemuel_fruit_tree, infiniplex_staircase_pool, lemuel_fruit_fields

Skill      XL: |  1  2  3  4  5  6  7  8  9 10 |
---------------+-------------------------------+-----
Axes           | 2 3 4 5 6 |  6.8
Dodging        | 1 2 3 4 |  4.7
Fighting       | 4 5 6 |  6.9
Armour         | 3 4 5 |  5.2
Bows           | 4 10 11 | 11.2
Invocations    | 1 3 |  3.9
Evocations     | 1 3 |  3.3
Shields        | |  2.1

Action                   |  1- 3 |  4- 6 |  7- 9 | 10-12 || total
-------------------------+-------+-------+-------+-------++-------
Melee: War axe           |   199 |   228 |   293 |       ||   720
       Kick              |    28 |    44 |    90 |    26 ||   188
       Unarmed           |       |     2 |       |       ||     2
       Battleaxe         |       |       |    69 |   108 ||   177
 Fire: Shortbow          |       |       |    94 |   168 ||   262
Invok: Heroism           |       |       |     1 |     6 ||     7
Evoke: Wand              |       |       |     9 |     1 ||    10
  Use: Potion            |       |     4 |    12 |     1 ||    17
       Scroll            |       |       |     5 |     1 ||     6
 Stab: Invisible         |       |       |     2 |       ||     2
  Eat: Chunk             |     2 |     6 |     7 |       ||    15
       Ration            |       |       |     3 |     2 ||     5
Armor: Scale mail        |    87 |    50 |       |       ||   137
       Skin              |       |    10 |    12 |       ||    22
       Chain mail        |       |   101 |    57 |       ||   158
       Plate armour      |       |       |   242 |   172 ||   414
Dodge: Dodged            |    56 |    50 |    80 |    63 ||   249
Block: Shield            |    87 |   113 |    68 |       ||   268

Table legend:
 A = Non-vault XP
 B = Vault XP
 C = Vault XP percentage of total XP
 D = Non-vault monster count
 E = Vault monster count
 F = Vault count percentage of total count
                 A         B        C        D         E       F
            +---------+---------+-------+---------+---------+-------
      Total |    4847 |    5112 |  51.3 |     198 |      53 |  21.1
            +---------+---------+-------+---------+---------+-------
        D:1 |      46 |       1 |   2.1 |      29 |       1 |   3.3
        D:2 |      50 |       0 |   0.0 |      22 |       0 |   0.0
        D:3 |     167 |      75 |  31.0 |      25 |      14 |  35.9
        D:4 |     529 |       0 |   0.0 |      37 |       0 |   0.0
        D:5 |     553 |     131 |  19.2 |      14 |       4 |  22.2
        D:6 |     959 |     529 |  35.6 |      28 |       1 |   3.4
        D:7 |     991 |    2375 |  70.6 |      24 |      24 |  50.0
        D:8 |     939 |    1691 |  64.3 |      16 |       7 |  30.4
     Lair:1 |     613 |     310 |  33.6 |       3 |       2 |  40.0
            +---------+---------+-------+---------+---------+-------
